 Dungeon Crawl Stone Soup version 0.31-a0-237-g2d982f9f85 (webtiles) character file.

Game seed: 6086738488293870273

34362 RepHenryClay the Devastator (level 13, -8/74 HPs)
             Began as a Tengu Conjurer on July 11, 2023.
             Was a Priest of Vehumet.
             Mangled by an elephant (12 damage)
             ... on level 3 of the Lair of Beasts.
             The game lasted 00:49:50 (18388 turns).

RepHenryClay the Devastator (Tengu Conjurer)       Turns: 18388, Time: 00:49:50

Health: -8/74      AC:  8    Str:  8    XL:     13   Next: 76%
Magic:  3/24       EV: 31    Int: 22    God:    Vehumet [***...]
Gold:   1452       SH:  0    Dex: 18    Spells: 14/26 levels left

rFire   . . .        a - staff of conjuration
rCold   + . .        (no shield)
rNeg    + . .        j - +2 robe {Will+}
rPois   +            (helmet restricted)
rElec   .            u - +2 cloak
rCorr   .            L - +0 pair of gloves
SInv    .            (boots unavailable)
Will    +....        p - amulet of regeneration
Stlth   ++           X - ring "Luh Ihum" {Drain rPois rN+ EV+5 Dex+4}
HPRegen 1.12/turn    P - ring of protection from cold
MPRegen 0.19/turn

%: no passive effects
@: flying quickly and evasively, quick
A: beak, talons 3, nimble flight
a: Renounce Religion


You were on level 3 of the Lair of Beasts.
You worshipped Vehumet.
Vehumet was most pleased with you.
You visited 4 branches of the dungeon, and saw 18 of its levels.
You also visited: Ossuary and Gauntlet.

You collected 1452 gold pieces.

Inventory:

Hand Weapons
 f - a +3 dagger
 n - a +1 dagger of venom
 D - a +6 flail of draining
Missiles
 q - a throwing net
Armour
 j - a +2 robe of willpower (worn)
 t - a +2 robe of willpower
 u - a +2 cloak (worn)
 L - a +0 pair of gloves (worn)
Magical Staves
 a - a staff of conjuration (weapon)
 o - a staff of death
 Q - a staff of air
 W - a staff of fire
 Y - the staff "Conservator" {Contam +Blink rElec rF- Int+8 Air}
   (You found it in a Gauntlet)

   [staff of air]

   Base accuracy: +5 Base damage: 5 Base attack delay: 1.2 This weapon's minimum
   attack delay (0.6) is reached at skill level 12.
   Int:       It affects your intelligence (+8).
   rF:        It makes you vulnerable to fire.
   rElec:     It insulates you from electricity.
   +Blink:    It lets you blink.
   Contam:    It causes magical contamination when unequipped.
   Air:       It increases the power of your Air spells.
   It falls into the 'Staves' category.
   It is a one-handed weapon.
 Z - a staff of poison
Jewellery
 l - a ring of poison resistance
 m - a +4 ring of slaying
 p - an amulet of regeneration (around neck)
 s - the ring "Kearuy" {rF++ Str+6 Int-5 Dex+3 Slay+2}
   (You acquired it on level 5 of the Dungeon)

   [ring of strength]

   Str:       It affects your strength (+6).
   Int:       It affects your intelligence (-5).
   Dex:       It affects your dexterity (+3).
   Slay:      It affects your accuracy & damage with ranged weapons and melee
   (+2).
   rF:        It greatly protects you from fire.
 z - a ring of fire
 C - a ring of ice
 P - a ring of protection from cold (right hand)
 R - the ring of Wijen {Fire Str+3}
   (You found it on level 1 of the Orcish Mines)

   [ring of fire]

   It enhances your fire magic.
   Str:       It affects your strength (+3).
   rF:        It protects you from fire.
   rC:        It makes you vulnerable to cold.
 X - the ring "Luh Ihum" (left hand) {Drain rPois rN+ EV+5 Dex+4}
   (You found it in a Gauntlet)

   [ring of evasion]

   EV:        It affects your evasion (+5).
   Dex:       It affects your dexterity (+4).
   rPois:     It protects you from poison.
   rN:        It protects you from negative energy.
   Drain:     It drains your maximum health when unequipped.
Wands
 x - a wand of polymorph (2)
 E - a wand of quicksilver (14)
 J - a wand of mindburst (19)
 M - a wand of digging (4)
 N - a wand of charming (14)
 O - a wand of iceblast (8)
 S - a wand of flame (5)
Scrolls
 e - 4 scrolls of blinking
 k - 2 scrolls of enchant armour
 w - a scroll of fog
 y - 4 scrolls of teleportation
 B - a scroll of butterflies
 G - a scroll of torment
 K - 2 scrolls of poison
 T - a scroll of amnesia
 U - a scroll of revelation
Potions
 b - 2 potions of magic
 c - a potion of invisibility
 d - 11 potions of curing {unknown}
 g - 2 potions of mutation
 h - 4 potions of haste
 i - 4 potions of enlightenment
 r - 7 potions of heal wounds
 v - a potion of cancellation {unknown}
 A - a potion of attraction {unknown}
 F - 3 potions of might
 H - a potion of ambrosia {unknown}
 I - 3 potions of lignification {unknown}
 V - a potion of resistance {unknown}


   Skills:
 + Level 6.0 Fighting
 - Level 14.9 Dodging
 - Level 2.0 Stealth
 - Level 7.0 Spellcasting
 - Level 15.2 Conjurations
 - Level 3.0 Translocations
 - Level 14.7 Air Magic


You had 14 spell levels left.
You knew the following spells:

 Your Spells              Type           Power      Damage    Failure   Level
a - Magic Dart            Conj           100%       1d8       0%          1
b - Searing Ray           Conj           100%       2d8       0%          2
c - Iskenderun's Mystic   Conj/Tloc      64%        2d13      1%          4
d - Freezing Cloud        Conj/Ice/Air   33%        6-21      1%          5

Your spell library contained the following spells:

 Spells                   Type           Power      Damage    Failure   Level
 Airstrike                Air            32%        2d(5-21)  1%          4
 Cigotuvi's Dreadful Rot  Necr/Pois/Air  58%        N/A       1%          2
 Poisonous Vapours        Pois/Air       80%        N/A       1%          2
 Dazzling Flash           Conj/Hex       100%       N/A       1%          3
 Hailstorm                Conj/Ice       58%        3d13      1%          3
 Fulminant Prism          Conj/Hex       29%        3d13      1%          4
 Apportation              Tloc           40%        N/A       2%          1
 Ignite Poison            Fire/Tmut/Pois 7%         N/A       7%          3
 Necrotise                Necr           28%        1d5       9%          1
 Sting                    Tmut/Pois      28%        1d4       9%          1
 Summon Small Mammal      Summ           28%        N/A       9%          1
 Tukima's Dance           Hex            7%         N/A       24%         3
 Passage of Golubria      Tloc           20%        N/A       24%         4
 Yara's Violent Unravell  Hex/Tmut       3%         3d4       47%         5
 Alistair's Intoxication  Tmut/Pois      4%         N/A       92%         5
 Borgnjor's Vile Clutch   Necr/Erth      3%         N/A       92%         5
 Eringya's Noxious Bog    Tmut/Pois      3%         4d6       95%         6


Dungeon Overview and Level Annotations

Branches:
Dungeon (12/15)            Temple (1/1) D:4            Lair (3/5) D:10
  Swamp (0/4) Lair:2          Orc (2/2) D:11        Ossuary (visited)
Gauntlet (visited)
  Snake: Lair:2-3    Spider: Lair:2-3       Elf: Orc:2

Altars:
Ashenzari
Cheibriados
Dithmenos
Elyvilon
Fedhas
Gozag
Hepliaklqana
Kikubaaqudgha
Makhleb
Nemelex Xobeh
Okawaru
Qazlal
Ru
Sif Muna
Trog
Uskayaw
Vehumet
Wu Jian
Xom
Yredelemnul
Zin
The Shining One

Shops:
D:3 [

Annotations:
D:12 Frances
Lair:1 Fannar
Orc:2 1 runed translucent door, AwFulAwFulPlayer's ghost, journeyman VSMo


Innate Abilities, Weirdness & Mutations

You have a beak for a mouth.
You have claws for feet.
Your magical nature lets you fly swiftly and evasively.


Message History

The elephant is engulfed in freezing vapours.
Kirke is engulfed in freezing vapours.
The manticore is engulfed in freezing vapours.
Huge Dmg: -12%(-9hp) hp: 24%(17hp)
Casting: Iskenderun's Mystic Blast (mildly dangerous; 1% risk of failure)
Confirm with . or Enter, or press ? or * to list all spells.
You feel a surge of power!
You erupt in a blast of force!
The mystic blast hits the manticore but does no damage.
The manticore is moderately wounded.
The mystic blast hits the elephant!
The elephant is heavily wounded.
The mystic blast hits Kirke!
You kill Kirke!
Vehumet accepts your kill.
Vehumet offers you knowledge of Airstrike.
You feel your power returning.
The manticore disappears in a puff of smoke!
No longer under Kirke's spell, the hog returns to its human form!
You are engulfed in freezing vapours.
You resist.
* * * LOW HITPOINT WARNING * * *
You hear a trumpeting! x2
The elephant is engulfed in freezing vapours. x2
An elephant comes into view.
A water moccasin comes into view.
Training target 7.0 for Spellcasting reached!
Your Fighting skill increases to level 6!
Your Spellcasting skill increases to level 7!
Huge Dmg: -6%(-5hp) hp: 17%(12hp)
Casting: Iskenderun's Mystic Blast (mildly dangerous; 1% risk of failure)
Confirm with . or Enter, or press ? or * to list all spells.
You feel a surge of power!
You erupt in a blast of force!
The mystic blast hits the elephant but does no damage.
The elephant is severely wounded.
The mystic blast hits the water moccasin!
The water moccasin is severely wounded.
The water moccasin is knocked back by the mystic blast.
You are engulfed in freezing vapours.
You resist.
* * * LOW HITPOINT WARNING * * *
The elephant is engulfed in freezing vapours. x2
The elephant tramples you!
You die...

..>......
..........
..........
#.#.....P
#..#.P.##. .
##....§...P ...
#..§§§.....
..@..#@YY§§§§#
#...§§§†.§§§☼○#
##.§§§§.##.§§##
#...°### §.#
.....p ..Y
..S... ...
##### #.


You could see 3 elephants, a water moccasin and a neutral human (wandering).

Vanquished Creatures
  Kirke (Lair:3)
  Azrael (Orc:2)
  A minotaur (Gauntlet)
  Josephine (Orc:1)
  3 hydras (Lair:2)
  Erolcha (D:11)
  2 two-headed ogres
  6 death yaks (Lair:1)
  Sonja (Orc:1)
  Pikel (D:5)
  An orc knight (Orc:1)
  A deep elf pyromancer (D:12)
  9 elephants (Lair:2)
  An oklob plant (D:10)
  3 cyclopes
  An ugly thing (D:12)
  Maurice (D:8)
  6 cane toads
  6 komodo dragons
  2 unseen horrors
  An efreet (Gauntlet)
  4 trolls
  Sigmund (D:2)
  4 slime creatures (D:10)
  A vampire (D:11)
  2 shadows
  4 wyverns
  5 wraiths
  3 hogs (Lair:3)
  6 fire elementals
  7 yaks
  3 basilisks (Lair:1)
  3 steam dragons
  4 vampire mosquitoes (D:11)
  Menkaure (D:7)
  Edmund (D:5)
  A warg (Orc:1)
  3 hell hounds (Gauntlet)
  3 swamp worms (Lair:2)
  2 water moccasins
  An acid dragon (D:10)
  4 ice beasts
  3 sky beasts
  5 orc warriors
  3 ogres
  2 centaurs
  4 lemures
  2 kobold brigands (D:7)
  Blork the orc (D:5)
  8 bullfrogs
  2 scorpions (D:7)
  8 wights
  14 killer bees
  An electric eel (D:7)
  3 howler monkeys
  A human zombie (Ossuary)
  2 jellies
  5 orc priests
  6 hounds
  2 sleepcaps
  Jessica (D:2)
  3 iguanas
  Natasha (twice) (D:2)
  13 orc wizards
  Ijyb (D:3)
  A hound zombie (Ossuary)
  4 mummies (Ossuary)
  Robin (D:2)
  2 adders (D:2)
  5 gnolls (D:5)
  2 shadow imps
  3 white imps
  2 adder zombies (Ossuary)
  2 worms
  3 dart slugs
  26 orcs
  6 endoplasms
  5 giant cockroaches
  17 goblins
  5 hobgoblins
  3 jackals (D:1)
  5 quokkas
  8 ball pythons (D:1)
  3 bats
  3 frilled lizards (D:1)
  2 gnoll zombies (Ossuary)
  5 goblin zombies
  A hobgoblin zombie (Ossuary)
  19 kobolds
  A kobold zombie (Ossuary)
  6 rats
  A rat zombie (Ossuary)
346 creatures vanquished.

Vanquished Creatures (others)
  A gnoll bouda (D:5)
  An orc (D:5)
2 creatures vanquished.

Grand Total: 348 creatures vanquished

Notes
Turn   | Place    | Note
-------+----------+-------------------------------------------
     0 | D:1      | RepHenryClay the Tengu Conjurer began the quest for the
                  | Orb.
     0 | D:1      | Reached XP level 1. HP: 10/10 MP: 4/4
   243 | D:1      | Reached XP level 2. HP: 15/15 MP: 4/6
   298 | D:1      | Reached skill level 6 in Conjurations
   672 | D:1      | Reached XP level 3. HP: 19/19 MP: 5/7
   853 | D:1      | Learned a level 2 spell: Searing Ray
  1216 | D:2      | Noticed Jessica
  1218 | D:2      | Killed Jessica
  1219 | D:2      | Reached skill level 7 in Conjurations
  1219 | D:2      | Reached XP level 4. HP: 24/24 MP: 5/8
  1472 | D:2      | Identified the +1 helmet of Vanity {+Blink Int+2}
  1472 | D:2      | Noticed Robin
  1547 | D:2      | Killed Robin
  1669 | D:2      | Noticed Natasha
  1678 | D:2      | Killed Natasha
  1679 | D:2      | Reached skill level 8 in Conjurations
  1679 | D:2      | Gained mutation: Your magical nature lets you fly swiftly
                  | and evasively. [Tengu growth]
  1679 | D:2      | Reached XP level 5. HP: 28/28 MP: 3/9
  1984 | D:2      | Noticed Sigmund
  1992 | D:2      | Killed Sigmund
  1993 | D:2      | Reached skill level 9 in Conjurations
  1993 | D:2      | Reached XP level 6. HP: 26/32 MP: 2/10
  2034 | D:2      | Noticed Natasha
  2041 | D:2      | Killed Natasha
  2042 | D:2      | Reached skill level 10 in Conjurations
  2945 | D:3      | Found Fimics's Antique Armour Emporium.
  3196 | D:3      | Noticed Ijyb
  3201 | D:3      | Killed Ijyb
  3675 | D:4      | Found a staircase to the Ecumenical Temple.
  3683 | Temple   | Entered the Ecumenical Temple
  3683 | Temple   | Found a transporter.
  3683 | Temple   | Found a transporter.
  3685 | Temple   | Found a transporter.
  3685 | Temple   | Found a transporter.
  3740 | D:4      | Reached XP level 7. HP: 36/36 MP: 3/11
  3842 | D:4      | Found a basalt altar of Yredelemnul.
  4246 | D:4      | Learned a level 4 spell: Iskenderun's Mystic Blast
  4576 | D:4      | You are sucked into a shaft and drop 3 floors!
  4641 | D:7      | Noticed Menkaure
  4645 | D:7      | Found a sand-covered staircase.
  4652 | Ossuary  | Entered an ossuary
  4689 | Ossuary  | Reached skill level 1 in Translocations
  4916 | Ossuary  | Reached XP level 8. HP: 41/41 MP: 10/14
  4978 | D:7      | Killed Menkaure
  5135 | D:5      | Entered Level 5 of the Dungeon
  5144 | D:5      | Reached skill level 5 in Dodging
  5155 | D:5      | Identified a scroll of acquirement
  5175 | D:5      | Acquired the Grimoire of Abstinence
  5183 | D:5      | Learned a level 5 spell: Freezing Cloud
  5282 | D:5      | Acquired the ring "Kearuy" {rF++ Str+6 Int-5 Dex+3 Slay+2}
  5321 | D:5      | Reached skill level 1 in Air Magic
  5350 | D:5      | Found a white marble altar of Elyvilon.
  5508 | D:5      | Noticed Edmund
  5676 | D:5      | Killed Edmund
  5811 | D:5      | Reached skill level 5 in Air Magic
  5874 | D:5      | Noticed Pikel
  5971 | D:5      | Noticed Blork the orc
  5975 | D:5      | Killed Blork the orc
  6044 | D:5      | Killed Pikel
  6045 | D:5      | Reached XP level 9. HP: 12/45 MP: 0/16
  8056 | D:7      | Reached skill level 10 in Air Magic
  8059 | D:7      | Reached XP level 10. HP: 45/50 MP: 5/17
  8060 | D:7      | Reached skill level 11 in Conjurations
  8610 | D:7      | Found an ornate altar of the Wu Jian Council.
  8867 | D:8      | Noticed Maurice
  8919 | D:8      | Killed Maurice
  9539 | D:8      | Acquired a staff of air
  9680 | D:8      | Found an ancient bone altar of Kikubaaqudgha.
  9706 | D:8      | Reached skill level 12 in Conjurations
  9881 | D:9      | Found a radiant altar of Vehumet.
  9889 | D:9      | Became a worshipper of Vehumet
 10449 | D:9      | Reached skill level 10 in Dodging
 10449 | D:9      | Reached XP level 11. HP: 54/54 MP: 8/18
 10648 | D:10     | Entered Level 10 of the Dungeon
 10979 | D:10     | Noticed an oklob plant
 10987 | D:10     | Killed an oklob plant
 11581 | D:10     | Noticed a cyclops
 11620 | D:10     | Killed a cyclops
 11735 | D:10     | Found a staircase to the Lair.
 12112 | D:11     | Noticed Erolcha
 12116 | D:11     | Killed Erolcha
 12116 | D:11     | Reached * piety under Vehumet
 12116 | D:11     | Offered knowledge of Shock by Vehumet.
 12267 | D:11     | Reached skill level 13 in Conjurations
 12453 | D:11     | Noticed a cyclops
 12459 | D:11     | Killed a cyclops
 12544 | D:11     | Found a staircase to the Orcish Mines.
 13413 | D:12     | Found a gate leading to a gauntlet.
 13422 | Gauntlet | Entered a Gauntlet
 13422 | Gauntlet | Found a transporter.
 13431 | Gauntlet | Found a transporter.
 13452 | Gauntlet | Found a transporter.
 13454 | Gauntlet | Noticed a wolf spider
 13456 | Gauntlet | Found a transporter.
 13471 | Gauntlet | Noticed a moth of wrath
 13473 | Gauntlet | Found a transporter.
 13486 | Gauntlet | Found a transporter.
 13499 | Gauntlet | Found a transporter.
 13499 | Gauntlet | Noticed a death yak
 13499 | Gauntlet | Noticed a death yak
 13500 | Gauntlet | Noticed a necromancer
 13500 | Gauntlet | Noticed a thrashing horror
 13501 | Gauntlet | Noticed a death yak
 13502 | Gauntlet | Noticed a death yak
 13506 | Gauntlet | Noticed a death yak
 13528 | Gauntlet | Found a transporter.
 13528 | Gauntlet | Found a transporter.
 13533 | Gauntlet | Found a transporter.
 13556 | Gauntlet | Noticed a death yak
 13558 | Gauntlet | Noticed a death yak
 13559 | Gauntlet | Noticed a death yak
 13559 | Gauntlet | Noticed a death yak
 13560 | Gauntlet | Found a transporter.
 13560 | Gauntlet | Noticed a death yak
 13561 | Gauntlet | Found a transporter.
 13561 | Gauntlet | Noticed a death yak
 13866 | Gauntlet | Identified the ring "Luh Ihum" {Drain rPois rN+ EV+5 Dex+4}
 13868 | Gauntlet | Identified the +1 sling "Cuoptuki" {freeze, Will+ Int+3}
 13873 | Gauntlet | Noticed a minotaur
 13885 | Gauntlet | Killed a minotaur
 13886 | Gauntlet | Reached XP level 12. HP: 24/59 MP: 5/19
 14018 | Gauntlet | Identified the staff "Conservator" {Contam +Blink rElec rF-
                  | Int+8 Air}
 14066 | D:12     | Noticed a two-headed ogre
 14072 | D:12     | Killed a two-headed ogre
 14728 | D:12     | Noticed Frances
 14923 | Orc:1    | Entered Level 1 of the Orcish Mines
 14925 | Orc:1    | Noticed Josephine
 14930 | Orc:1    | Reached skill level 14 in Conjurations
 15081 | Orc:1    | Killed Josephine
 15082 | Orc:1    | Noticed Sonja
 15168 | Orc:1    | Killed Sonja
 15385 | Orc:1    | Found a runed translucent door.
 15489 | Orc:1    | Offered knowledge of Kiss of Death by Vehumet.
 15504 | Orc:1    | Reached ** piety under Vehumet
 15812 | Orc:1    | Identified the ring of Wijen {Fire Str+3}
 15866 | Orc:2    | Entered Level 2 of the Orcish Mines
 15887 | Orc:2    | Found a runed translucent door.
 15890 | Orc:2    | Noticed AwFulAwFulPlayer's ghost (journeyman VSMo)
 15892 | Orc:2    | Noticed a two-headed ogre
 15905 | Orc:2    | Killed a two-headed ogre
 16014 | Orc:2    | Noticed Azrael
 16020 | Orc:2    | Killed Azrael
 16023 | Orc:2    | Noticed an ogre mage
 16115 | Orc:2    | Noticed a two-headed ogre
 16115 | Orc:2    | Noticed a two-headed ogre
 16115 | Orc:2    | Noticed a two-headed ogre
 16115 | Orc:2    | Noticed a two-headed ogre
 16198 | Lair:1   | Entered Level 1 of the Lair of Beasts
 16376 | Lair:1   | Noticed a death yak
 16377 | Lair:1   | Noticed a death yak
 16378 | Lair:1   | Noticed a death yak
 16378 | Lair:1   | Noticed a death yak
 16381 | Lair:1   | Noticed a death yak
 16382 | Lair:1   | Noticed a death yak
 16384 | Lair:1   | Killed a death yak
 16386 | Lair:1   | Killed a death yak
 16390 | Lair:1   | Killed a death yak
 16390 | Lair:1   | Killed a death yak
 16391 | Lair:1   | Reached skill level 15 in Conjurations
 16391 | Lair:1   | Reached XP level 13. HP: 63/63 MP: 4/20
 16519 | Lair:1   | Noticed Fannar
 16523 | Lair:1   | Reached skill level 1 in Fighting
 17086 | Lair:2   | Reached skill level 5 in Spellcasting
 17166 | Lair:2   | Offered knowledge of Volatile Blastmotes by Vehumet.
 17443 | Lair:2   | Reached *** piety under Vehumet
 17735 | Lair:2   | Reached skill level 5 in Fighting
 18246 | Lair:2   | Found a staircase to the Swamp.
 18376 | Lair:3   | Noticed Kirke
 18387 | Lair:3   | Killed Kirke
 18387 | Lair:3   | Offered knowledge of Airstrike by Vehumet.
 18388 | Lair:3   | HP: 2/74 [cloud of freezing vapour (10)]
 18388 | Lair:3   | Mangled by an elephant

Illustrated notes

Levels and vault maps discovered:
D:1:      onia_arrival_mini_maze_b, layout_basic, minmay_misc_feat_rugged
D:2:      layout_basic, st_stairs_2, uniq_natasha, uniq_robin, uniq_sigmund,
          uniq_jessica
D:3:      layout_basic, serial_shops, shop, uniq_ijyb
D:4:      layout_cave_pods, lemuel_doored_altar, minmay_temple_entry_junction
D:5:      layout_rooms, mainiacjoe_overflow_alcove_1, chequers_big_river,
          uniq_edmund, uniq_pikel, uniq_blork_the_orc
D:6:      layout_cave_pods, kennysheep_decorative_pillar
D:7:      nzn_winding_woodlands_medium [nzn_winding_woodlands_5x5_open_star,
          nzn_winding_woodlands_5x15_eye,
          nzn_winding_woodlands_5x5_checkerboard,
          nzn_winding_woodlands_5x5_cross,
          nzn_winding_woodlands_center_diamonds,
          nzn_winding_woodlands_5x5_closed_star,
          nzn_winding_woodlands_5x5_default,
          nzn_winding_woodlands_5x15_sawtooth,
          nzn_winding_woodlands_5x5_default], layout_loops_corners,
          nzn_wu_jian_council_hall, enter_ossuary_4, minmay_crystal_water,
          minmay_hedge_maze, uniq_menkaure
D:8:      layout_basic, kiku_gazebo_pond_becter, palyth_stone_intersect,
          uniq_maurice
D:9:      layout_roguey, vehumet_altar_wand_db
D:10:     layout_basic, dpeg_oklobed_lair
D:11:     layout_loops_ring, uniq_erolcha
D:12:     layout_roguey, gauntlet_entry_generic, uniq_frances
Temple:   hellmonk_temple_divided_pantheon
Lair:1:   layout_cave_pods, uniq_fannar
Lair:2:   layout_regular_city, palyth_hydra_swamp_entry,
          chequers_serial_rivers_small_b, st_stairs_13
Lair:3:   lemuel_reptile_caves, layout_regular_city,
          hellmonk_spider_entry_life_and_decay, infiniplex_staircase_pool,
          grunt_megastairs_1, uniq_gastronok, uniq_kirke
Orc:1:    layout_caves, basic_altar, serial_shops, shop,
          lightli_church_of_beogh, uniq_sonja, uniq_josephine
Orc:2:    st_orc_ogre_mass, layout_caves, serial_shops,
          nicolae_shop_overgrown_old_shop, ebering_ghost_inner_flame,
          uniq_azrael, uniq_saint_roka

Skill      XL: |  1  2  3  4  5  6  7  8  9 10 11 12 13 |
---------------+----------------------------------------+-----
Conjurations   | 6 7 8 9 10 12 13 15 | 15.2
Dodging        | 3 4 5 7 10 12 14 | 14.9
Spellcasting   | 3 4 7 |  7.0
Translocations | 1 3 |  3.0
Air Magic      | 8 10 11 13 14 | 14.7
Fighting       | 6 |  6.0
Stealth        | |  2.0

Action                     |  1- 3 |  4- 6 |  7- 9 | 10-12 | 13-15 || total
---------------------------+-------+-------+-------+-------+-------++-------
  Melee: Unarmed           |    16 |       |       |       |       ||    16
         Peck              |     4 |     1 |    18 |    28 |    11 ||    62
         Kick              |     4 |     5 |    20 |    36 |    15 ||    80
         Staff             |     2 |    14 |    83 |    81 |    31 ||   211
         Punch             |       |       |     3 |       |     1 ||     4
   Cast: Magic Dart        |    49 |    62 |    65 |    29 |       ||   205
         Searing Ray       |     1 |     8 |    38 |    35 |       ||    82
         Iskenderun's Myst |       |       |     7 |    48 |    14 ||    69
         Freezing Cloud    |       |       |     1 |    56 |    28 ||    85
  Evoke: Wand              |       |       |     5 |    10 |       ||    15
    Use: Scroll            |       |       |    15 |    11 |     2 ||    28
         Potion            |       |       |       |     2 |       ||     2
   Stab: Sleeping          |       |     4 |     1 |     1 |       ||     6
 Armour: Robe              |     3 |     2 |    32 |    35 |     2 ||    74
  Dodge: Dodged            |    18 |    26 |   137 |   170 |    61 ||   412

Table legend: (Time is in decaauts)
 A = Elapsed time spent in this place.
 B = Non-inter-level travel time spent in this place.
 C = Inter-level travel time spent in this place.
 D = Time resting spent in this place.
 E = Time spent auto-exploring this place.
 F = Levels seen in this place.
 G = Mean time per level.
                   A        B        C        D        E       F      G
               +--------+--------+--------+--------+--------+-----+--------+
         Total |  17457 |  16582 |    875 |   2178 |  11879 |  20 |  872.8 |
       Dungeon |  13793 |  13077 |    716 |   1801 |   9488 |  12 | 1149.4 |
        Temple |     37 |     29 |      8 |      0 |      2 |   1 |   37.0 |
          Lair |   2056 |   1976 |     80 |     60 |   1648 |   3 |  685.3 |
  Orcish Mines |    677 |    607 |     70 |    177 |    254 |   2 |  338.5 |
       Ossuary |    314 |    314 |      0 |      0 |    215 |   1 |  314.0 |
      Gauntlet |    578 |    578 |      0 |    139 |    270 |   1 |  578.0 |
               +--------+--------+--------+--------+--------+-----+--------+

Top non-repeatable levels by time:
     D:7: 1805 daAuts
    D:11: 1661 daAuts
     D:2: 1555 daAuts
  Lair:2: 1221 daAuts
    D:10: 1219 daAuts
     D:1: 1215 daAuts
     D:9: 1097 daAuts
     D:4: 1036 daAuts
     D:5: 947 daAuts
     D:6: 885 daAuts
  Lair:1: 819 daAuts
    D:12: 818 daAuts
     D:8: 815 daAuts
     D:3: 734 daAuts
   Orc:1: 641 daAuts
